 Dungeon Crawl Stone Soup version 0.16-a0-2818-g1ef6e07 (webtiles) character file.

8015 Johnny the Grave Robber (level 10, -1/83 HPs)
             Began as a Demigod Necromancer on Nov 28, 2014.
             Slain by a blink frog (9 damage)
             ... on level 2 of the Lair of Beasts.
             The game lasted 00:36:59 (13242 turns).

Johnny the Grave Robber (Demigod Necromancer)      Turns: 13242, Time: 00:37:00

Health: -1/83      AC: 10    Str: 11    XL:     10   Next: 75%
Magic:  8/36       EV: 18    Int: 20    God:
Gold:   466        SH:  0    Dex: 25    Spells: 5 memorised, 8 levels left

rFire  + . .     SeeInvis .     r - +2 quarterstaff (chaos)
rCold  . . .     Clarity  .     G - +2 ring mail "Initin" {rPois rF+ Int-3 Dex+2}
rNeg   . . .     SustAb   +     (no shield)
rPois  +         Gourm    .     (no helmet)
rElec  .         Spirit   .     s - +0 cloak
rCorr  .         Warding  .     B - +1 pair of gloves
rMut   .         Stasis   .     (no boots)
MR     +....                    (no amulet)
Stlth  +++.......               h - ring of magical power
                                u - ring of invisibility

@: agile, about to teleport, very slightly contaminated, somewhat resistant to
hostile enchantments, fairly stealthy
A: sustain abilities
a: Evoke Invisibility


You were on level 2 of the Lair of Beasts.
You were very hungry.

You visited 2 branches of the dungeon, and saw 10 of its levels.

You collected 466 gold pieces.

Inventory:

Hand weapons
 r - a +2 quarterstaff of chaos (weapon)
Armour
 s - a +0 cloak (worn)
 B - a +1 pair of gloves (worn)
 G - the +2 ring mail "Initin" (worn) {rPois rF+ Int-3 Dex+2}
   (You found it on level 5 of the Dungeon)

   It affects your intelligence (-3).
   It affects your dexterity (+2).
   It protects you from fire.
   It protects you from poison.
Jewellery
 h - a ring of magical power (right hand)
 u - a ring of invisibility (left hand)
 O - a +1 ring of dexterity
 S - an uncursed ring of ice
Magical devices
 m - a wand of enslavement (6)
 q - a wand of random effects (1)
 y - a wand of cold (0)
 C - a wand of magic darts (25)
 I - a wand of slowing (0)
 P - a wand of disintegration (1)
Scrolls
 a - a scroll of teleportation
 j - 2 scrolls of amnesia
 n - a scroll of magic mapping
 o - a scroll of vulnerability
 v - 3 scrolls of remove curse
Potions
 d - 3 potions of might
 e - a potion of resistance
 f - 2 potions of mutation
 i - a potion of lignification {unknown}
 l - 6 potions of curing
 t - a potion of poison {unknown}
 x - 2 potions of agility
 z - 2 potions of restore abilities {unknown}
 A - a potion of flight
 J - a potion of beneficial mutation {unknown}
 K - 2 potions of berserk rage {unknown}
 M - a potion of heal wounds {unknown}
Comestibles
 c - 6 bread rations
 g - a slice of pizza
 w - 10 meat rations
 L - 2 beef jerkies
 N - 11 fruits


   Skills:
 * Level 6.0 Fighting
 + Level 2.9 Staves
 * Level 2.2 Armour
 + Level 6.1 Dodging
 - Level 1.7 Stealth
 * Level 6.2 Spellcasting
 + Level 3.9 Charms
 * Level 7.1 Necromancy
 + Level 3.8 Translocations
 * Level 7.0 Evocations


You had 8 spell levels left.
You knew the following spells:

 Your Spells              Type           Power        Failure   Level  Hunger
a - Pain                  Necr           ####         1%          1    None
b - Control Undead        Necr           ####......   10%         4    ####...
c - Vampiric Draining     Necr           ####......   2%          3    ##.....
d - Blink                 Tloc           N/A          8%          2    None
e - Regeneration          Chrm/Necr      ####......   6%          3    ##.....


Dungeon Overview and Level Annotations

Branches:
Dungeon (8/15)             Temple (0/1) D:7            Lair (2/8) D:8

Shops:
D:5 *   D:8 %

Annotations:
D:3 wvc's ghost, average SpAs
D:7 Kemay's ghost, experienced GrFi


Innate Abilities, Weirdness & Mutations

Your attributes are resistant to harm.


Message History

Press: ? - help, Shift-Dir - straight line, f/p - hippogriff
Aim: a hippogriff (severely wounded)
You kill the hippogriff!
You feel life coursing into your body. The blink frog barely misses you.
The blink frog hits you!
* * * LOW HITPOINT WARNING * * *
Unknown command.
Drink which item? (? for menu, Esc to quit)
Okay, then.
Read which item? (? for menu, Esc to quit)
Okay, then.
Evoke which item? (* to show all) (? for menu, Esc to quit)
Okay, then.
Drink which item? (? for menu, Esc to quit)
You feel agile all of a sudden. The blink frog hits you!
* * * LOW HITPOINT WARNING * * *
The blink frog hits you but does no damage.
The blink frog hits you!
You die...

..###........#####Pt#.
.......FF.............
#.......F.##..#.P.#.#.
#P....................
#.......###.#....##..
#.......P.###..###..#
♣.....................
...#.#.#.##P.†#.#..##.
............F@F.......
...##..#...#F##...####
............. .....
.#......##.. ###.
.#......# P.. . ......
... .#.. .#. .


You could see 3 blink frogs.

Vanquished Creatures
  An octopode (shapeshifter) (Lair:2)
  An oklob plant (Lair:1)
  2 spiny frogs (Lair:1)
  A fire drake (D:8)
  A polar bear (Lair:2)
  A two-headed ogre (D:8)
  A blink frog (Lair:2)
  A basilisk (Lair:2)
  5 yaks (Lair:1)
  2 hippogriffs
  4 wolves (Lair:1)
  5 water moccasins
  4 porcupines (Lair:2)
  2 sky beasts
  2 ice beasts
  A black bear (Lair:2)
  3 phantoms
  4 centaurs
  3 ogres
  4 crocodiles
  3 giant frogs
  A big kobold (D:8)
  2 wights (D:8)
  4 killer bees (D:8)
  A goliath beetle (D:6)
  2 crimson imps (D:5)
  4 iguanas
  3 orc priests
  6 hounds
  Crazy Yiuf (D:2)
  A centaur skeleton (D:5)
  4 worker ants
  2 orc wizards
  8 sheep (Lair:1)
  3 hound skeletons
  11 adders
  A worker ant zombie (D:8)
  9 gnolls
  A shadow imp (D:5)
  5 worms
  An adder zombie (D:7)
  An adder skeleton (D:8)
  10 giant geckos
  12 orcs
  17 bats
  A bat skeleton (D:4)
  6 giant cockroaches
  11 hobgoblins
  18 kobolds
  8 quokkas
  3 ball pythons
  6 giant newts
  11 goblins
  13 jackals
  A jackal skeleton (D:2)
  A quokka skeleton (D:5)
  7 rats
  2 butterflies (D:4)
  2 plants (Lair:1)
251 creatures vanquished.

Vanquished Creatures (collateral kills)
  A killer bee (D:8)
  2 wights (D:8)
  An ooze (D:3)
  An orc (D:4)
  A giant newt (D:3)
6 creatures vanquished.

Vanquished Creatures (others)
  A fire drake (Lair:2)
  A centaur (D:6)
  A giant frog (D:6)
  A gnoll shaman (D:6)
  An orc priest (D:4)
  An orc wizard (D:6)
  A hobgoblin (D:6)
  A kobold (D:6)
  A rat (D:6)
  A plant (Lair:2)
10 creatures vanquished.

Grand Total: 267 creatures vanquished

Notes
Turn   | Place    | Note
--------------------------------------------------------------
     0 | D:1      | Johnny, the Demigod Necromancer, began the quest for the Orb.
     0 | D:1      | Reached XP level 1. HP: 14/14 MP: 3/3
  1000 | D:1      | Reached XP level 2. HP: 17/22 MP: 1/4
  1229 | D:1      | Reached skill level 1 in Fighting
  1787 | D:2      | Reached XP level 3. HP: 19/28 MP: 3/8
  1796 | D:2      | Learned a level 3 spell: Vampiric Draining
  1903 | D:2      | Reached skill level 4 in Necromancy
  2254 | D:2      | Found a shadowy altar of Dithmenos.
  2293 | D:2      | Noticed Crazy Yiuf
  2302 | D:2      | Killed Crazy Yiuf
  2302 | D:2      | Reached XP level 4. HP: 8/35 MP: 0/11
  3101 | D:3      | Reached skill level 1 in Evocations
  3459 | D:3      | Learned a level 4 spell: Control Undead
  3467 | D:3      | Reached XP level 5. HP: 37/41 MP: 8/12
  3613 | D:3      | Noticed wvc's ghost (average SpAs)
  3676 | D:4      | Found a bloodstained altar of Trog.
  4017 | D:4      | КАК ПО НОТАМ
  4594 | D:4      | Reached XP level 6. HP: 42/48 MP: 15/15
  5538 | D:5      | Entered Level 5 of the Dungeon
  5612 | D:5      | Found Gozag's Nutrition Petition.
  5613 | D:5      | Found an opulent altar of Gozag.
  5982 | D:5      | Reached skill level 5 in Necromancy
  5982 | D:5      | Reached XP level 7. HP: 43/57 MP: 2/19
  6019 | D:5      | Got a bloodstained ring mail
  6030 | D:5      | Identified the +2 ring mail "Initin" {rPois rF+ Int-3 Dex+2} (You found it on level 5 of the Dungeon)
  6269 | D:5      | Learned a level 2 spell: Blink
  6273 | D:5      | Learned a level 3 spell: Regeneration
  6955 | D:6      | Reached skill level 1 in Charms
  7071 | D:6      | Reached skill level 1 in Translocations
  7124 | D:6      | Reached XP level 8. HP: 34/64 MP: 19/21
  7561 | D:6      | Found a shimmering altar of Xom.
  8302 | D:7      | Noticed Kemay's ghost (experienced GrFi)
  8538 | D:7      | Found a staircase to the Ecumenical Temple.
  8788 | D:8      | Found a sparkling altar of Nemelex Xobeh.
  8950 | D:8      | Found a white marble altar of Elyvilon.
  8951 | D:8      | Noticed a two-headed ogre
  8960 | D:8      | Killed a two-headed ogre
  8960 | D:8      | Reached skill level 5 in Dodging
  8960 | D:8      | Reached skill level 6 in Necromancy
  8960 | D:8      | Reached XP level 9. HP: 5/72 MP: 10/23
  9321 | D:8      | Reached skill level 5 in Evocations
  9323 | D:8      | Reached skill level 1 in Staves
  9324 | D:8      | Noticed a fire drake
  9324 | D:8      | Reached skill level 5 in Spellcasting
  9331 | D:8      | Killed a fire drake
  9467 | D:8      | POSSAL NA ALTAR NEOBUCHAEMOGO
  9467 | D:8      | DG POWER
  9672 | D:8      | Found a staircase to the Lair.
 10082 | D:8      | Found Gapad Jou's Food Shop.
 10195 | Lair:1   | Entered Level 1 of the Lair of Beasts
 10384 | Lair:1   | Reached skill level 5 in Fighting
 11040 | Lair:1   | Reached XP level 10. HP: 56/81 MP: 10/26
 11219 | Lair:1   | Noticed a spiny frog
 11233 | Lair:1   | Killed a spiny frog
 11979 | Lair:1   | Found a blossoming altar of Fedhas.
 11999 | Lair:1   | Noticed an oklob plant
 12027 | Lair:1   | Killed an oklob plant
 12457 | Lair:2   | Reached skill level 1 in Armour
 12708 | Lair:2   | Reached skill level 7 in Necromancy
 13197 | Lair:2   | Noticed a five-headed hydra
 13242 | Lair:2   | Slain by a blink frog

Action                   |  1- 3 |  4- 6 |  7- 9 | 10-12 || total
-------------------------+-------+-------+-------+-------++-------
Melee: Unarmed           |     4 |       |       |       ||     4
       Short sword       |     9 |       |       |       ||     9
       Spear             |    40 |       |       |       ||    40
       Dagger            |     5 |       |       |       ||     5
       Quarterstaff      |       |   170 |   313 |   112 ||   595
 Cast: Pain              |    51 |    32 |    61 |    20 ||   164
       Vampiric Draining |     7 |    36 |    69 |    60 ||   172
       Control Undead    |       |     3 |     7 |       ||    10
Evoke: Wand              |     1 |     2 |    18 |    11 ||    32
  Use: Scroll            |       |     6 |     5 |     7 ||    18
       Potion            |       |     1 |       |     1 ||     2
 Stab: Sleeping          |       |     4 |     3 |       ||     7
       Paralysed         |       |     1 |       |       ||     1
       Petrifying        |       |       |     1 |       ||     1
  Eat: Chunk             |     5 |    14 |    21 |     7 ||    47
       Pizza             |       |     1 |       |       ||     1
       Fruit             |       |       |     2 |       ||     2
